 Dungeon Crawl Stone Soup version 0.31-a0-859-g9dce7d3444 (webtiles) character file.

Game seed: 13427387228907369890

702340 Bnni the Slayer (level 27, -3/212 HPs)
             Began as a Formicid Hexslinger on Oct 5, 2023.
             Was the Champion of Hepliaklqana.
             Engulfed by an Ice Fiend's freezing vapour (4 damage)
             ... on level 6 of Cocytus on Oct 10, 2023.
             The game lasted 04:33:58 (64813 turns).

Bnni the Slayer (Formicid Hexslinger)              Turns: 64813, Time: 04:33:58

Health: -3/212     AC: 11    Str: 12 (17) XL:     27
Magic:  30/46      EV: 43    Int: 18      God:    Hepliaklqana [******]
Gold:   6700       SH: 35    Dex: 38      Spells: 8/64 levels left

rFire   + + +        Q - +9 longbow (flame)
rCold   + + +        j - +6 tower shield {reflect}
rNeg    . . .        y - +2 robe {rC+ rF+}
rPois   .            (helmet unavailable)
rElec   .            R - +1 cloak {Will+}
rCorr   .            v - +1 pair of gloves {Stlth+}
SInv    +            O - +2 pair of boots {Fly}
Will    +++..        S - amulet of Winter {rC+ Regen+ Int+3}
Stlth   ++++         p - ring "Vageggaz" {rC+ Str+2 Dex+6}
HPRegen 1.35/turn    N - ring of Ru's Grace {rF++ Dex+6}
MPRegen 0.30/turn

%: reflection
@: marked, flying, studying 3 skills, unable to drink
A: reduced essence, permanent stasis, dig shafts and tunnels, antennae 3, four
strong arms, sense surroundings 1
}: 5/15 runes: serpentine, barnacled, slimy, silver, abyssal
a: Dig, Shaft Self, Renounce Religion, Recall Ancestor, Ancestor Identity,
Transference, Idealise


You were on level 6 of Cocytus.
You worshipped Hepliaklqana.
Hepliaklqana was exalted by your worship.
You visited 14 branches of the dungeon, and saw 63 of its levels.
You visited the Abyss 1 time.
You also visited: Bailey, Gauntlet, Ice Cave, Volcano and Desolation.

You collected 9775 gold pieces.
You spent 3075 gold pieces at shops.

Inventory:

Hand Weapons
 l - the +3 greatsling "Punk" {acid, rCorr}
   (You acquired it on level 2 of the Depths)

   rCorr:     It protects you from acid and corrosion.
 Q - a +9 longbow of flaming (weapon)
Missiles
 I - 8 throwing nets
 U - 8 curare-tipped darts
Armour
 j - a +6 tower shield of reflection (worn)
 o - the +0 pair of boots of Loss {*Corrode rPois Str-2 Int+7}
   (You acquired it on level 3 of the Shoals)

   Str-2:     It affects your strength (-2).
   Int+7:     It affects your intelligence (+7).
   rPois:     It protects you from poison *Corrode: It may corrode you when you
   take damage.
 v - a +1 pair of gloves of stealth (worn)
 y - a +2 robe of resistance (worn)
 O - a +2 pair of boots of flying (worn)
 R - a +1 cloak of willpower (worn)
Jewellery
 n - a ring of resist corrosion
 p - the ring "Vageggaz" (left hand) {rC+ Str+2 Dex+6}
   (You took it off a deep elf high priest on level 3 of the Elven Halls)

   [ring of dexterity]

   Str+2:     It affects your strength (+2).
   Dex+6:     It affects your dexterity (+6).
   rC+:       It protects you from cold.
 w - the ring "Papy" {rElec MP+9 Int+6 SInv}
   (You found it on level 5 of the Vaults)

   [ring of intelligence]

   Int+6:     It affects your intelligence (+6).
   rElec:     It insulates you from electricity.
   MP+9:      It affects your magic capacity (+9).
   SInv:      It lets you see invisible.
 E - the ring "Qesugerr" {rC+ rN+ Slay+2 Stlth+}
   (You found it on level 3 of the Crypt)

   [ring of positive energy]

   Slay+2:    It affects your accuracy & damage with ranged weapons and melee
   (+2).
   rC+:       It protects you from cold.
   rN+:       It protects you from negative energy.
   Stlth+:    It makes you more stealthy.
 H - a ring "Xoym" {rN+ MP+9 Str+5 SInv}
   (You took it off a deep elf annihilator on level 3 of the Elven Halls)

   [ring of magical power]

   Str+5:     It affects your strength (+5).
   rN+:       It protects you from negative energy.
   MP+9:      It affects your magic capacity (+9).
   SInv:      It lets you see invisible.
 N - the ring of Ru's Grace (right hand) {rF++ Dex+6}
   (You found it in a Gauntlet)

   [ring of dexterity]

   Dex+6:     It affects your dexterity (+6).
   rF++:      It greatly protects you from fire.
 S - the amulet of Winter (around neck) {rC+ Regen+ Int+3}
   (You found it on level 5 of the Pits of Slime)

   [amulet of regeneration]

   Int+3:     It affects your intelligence (+3).
   rC+:       It protects you from cold.
   Regen+:    It increases your rate of health regeneration.
 Y - the ring "Wyrunkud" {Fly Str+2 Int+3 Dex-3 SInv}
   (You took it off a deep elf annihilator on level 3 of the Elven Halls)

   [ring of flight]

   Str+2:     It affects your strength (+2).
   Int+3:     It affects your intelligence (+3).
   Dex-3:     It affects your dexterity (-3).
   SInv:      It lets you see invisible.
   Fly:       It grants you flight.
 Z - the ring of Unkeni {rF+ MP+9 Slay+3}
   (You found it on level 5 of the Pits of Slime)

   [ring of protection from fire]

   Slay+3:    It affects your accuracy & damage with ranged weapons and melee
   (+3).
   rF+:       It protects you from fire.
   MP+9:      It affects your magic capacity (+9).
Wands
 h - a wand of digging (30)
 k - a wand of iceblast (65)
 A - a wand of quicksilver (25)
Scrolls
 a - a scroll of butterflies
 b - 13 scrolls of poison
 c - 12 scrolls of fog
 d - 2 scrolls of amnesia
 e - 6 scrolls of enchant weapon
 m - 4 scrolls of revelation
 t - 6 scrolls of fear
 u - 6 scrolls of immolation
 D - 12 scrolls of vulnerability
 L - a scroll of enchant armour
 P - 4 scrolls of silence
 V - 3 scrolls of brand weapon
Potions
 f - 6 potions of resistance
 g - 4 potions of mutation
 q - a potion of invisibility
 r - 12 potions of enlightenment
 s - 7 potions of magic
 x - 9 potions of heal wounds
 C - 18 potions of curing
 F - 4 potions of ambrosia
 J - 9 potions of brilliance
 M - a potion of cancellation
 W - 9 potions of might
Miscellaneous
 z - a phantom mirror
 X - a lightning rod (4/4)


   Skills:
 + Level 23.4 Fighting
 - Level 20.0 Ranged Weapons
 * Level 21.6 Dodging
 - Level 22.0 Shields
 + Level 19.1 Spellcasting
 - Level 22.1 Hexes
 + Level 4.0 Summonings
 * Level 14.9 Necromancy
 - Level 12.0 Translocations
 - Level 1.0 Fire Magic
 - Level 8.0 Earth Magic
 - Level 14.0 Invocations


You had 8 spell levels left.
You knew the following spells:

 Your Spells              Type           Power      Damage    Failure   Level
a - Anguish               Hex/Necr       35%        N/A       1%          4
b - Passage of Golubria   Tloc           57%        N/A       1%          4
c - Dimensional Bullseye  Hex/Tloc       34%        N/A       1%          4
d - Cause Fear            Hex            38%        N/A       0%          4
e - Enfeeble              Hex            38%        N/A       1%          7
f - Dispersal             Tloc           28%        N/A       6%          6
g - Summon Guardian Gole  Hex/Summ       59%        N/A       1%          3
h - Borgnjor's Vile Clut  Necr/Erth      27%        N/A       1%          5
i - Yara's Violent Unrav  Hex/Tmut       27%        3d12      1%          5
o - Sigil of Binding      Hex            77%        N/A       0%          3
s - Sublimation of Blood  Necr           63%        N/A       1%          2
x - Discord               Hex            38%        N/A       4%          8
z - Apportation           Tloc           100%       N/A       1%          1

Your spell library contained the following spells:

 Spells                   Type           Power      Damage    Failure   Level
 Necrotise                Necr           100%       1d9       0%          1
 Slow                     Hex            100%       N/A       0%          1
 Jinxbite                 Hex            100%       N/A       0%          2
 Confusing Touch          Hex            77%        N/A       0%          3
 Tukima's Dance           Hex            77%        N/A       0%          3
 Summon Small Mammal      Summ           100%       N/A       1%          1
 Call Imp                 Summ           62%        N/A       1%          2
 Cigotuvi's Dreadful Rot  Necr/Pois/Air  70%        N/A       1%          2
 Lesser Beckoning         Tloc           100%       N/A       1%          2
 Momentum Strike          Conj/Tloc      76%        3d10      1%          2
 Dazzling Flash           Conj/Hex       100%       N/A       1%          3
 Gell's Gravitas          Tloc           57%        N/A       1%          3
 Inner Flame              Hex/Fire       56%        N/A       1%          3
 Teleport Other           Tloc           57%        N/A       1%          3
 Vampiric Draining        Necr           63%        2d10      1%          3
 Volatile Blastmotes      Fire/Tloc      80%        2d16      1%          3
 Dispel Undead            Necr           63%        3d22      1%          4
 Fulminant Prism          Conj/Hex       27%        3d14      1%          4
 Leda's Liquefaction      Hex/Erth       31%        N/A       1%          4
 Manifold Assault         Tloc           57%        N/A       1%          4
 Agony                    Necr           63%        N/A       1%          5
 Metabolic Englaciation   Hex/Ice        27%        N/A       1%          5
 Silence                  Hex/Air        27%        N/A       1%          5
 Summon Mana Viper        Hex/Summ       59%        N/A       1%          5
 Death Channel            Necr           31%        N/A       1%          6
 Call Canine Familiar     Summ           31%        N/A       3%          3
 Stone Arrow              Conj/Erth      62%        3d10      3%          3
 Foxfire                  Conj/Fire      76%        2x1d7     4%          1
 Animate Armour           Summ/Erth      76%        N/A       4%          4
 Iskenderun's Mystic Bla  Conj/Tloc      38%        2d9       4%          4
 Magic Dart               Conj           68%        1d6       6%          1
 Shock                    Conj/Air       68%        1d7       6%          1
 Sting                    Tmut/Pois      68%        1d6       6%          1
 Scorch                   Fire           40%        2d6       6%          2
 Lee's Rapid Deconstruct  Erth           23%        3d13*     6%          5
 Summon Forest            Summ/Tloc      23%        N/A       6%          5
 Poisonous Vapours        Pois/Air       34%        N/A       9%          2
 Searing Ray              Conj           34%        2d5       9%          2
 Wereblood                Tmut           17%        N/A       9%          2
 Petrify                  Tmut/Erth      31%        N/A       11%         4
 Ignite Poison            Fire/Tmut/Pois 18%        N/A       16%         3
 Frozen Ramparts          Ice            34%        1d6       17%         3
 Hailstorm                Conj/Ice       17%        3d6       17%         3
 Mephitic Cloud           Conj/Pois/Air  17%        N/A       17%         3
 Ozocubu's Armour         Ice            17%        N/A       17%         3
 Summon Ice Beast         Ice/Summ       24%        N/A       26%         4
 Summon Lightning Spire   Summ/Air       24%        N/A       26%         4
 Simulacrum               Ice/Necr       22%        N/A       38%         6
 Flame Wave               Conj/Fire      19%        2d7       43%         4
 Sticky Flame             Conj/Fire      19%        2d4       43%         4
 Olgreb's Toxic Radiance  Pois           17%        N/A       50%         4
 Borgnjor's Revivificati  Necr           31%        N/A       63%         8
 Haunt                    Necr/Summ      25%        N/A       69%         7
 Fireball                 Conj/Fire      9%         3d6       78%         5
 Alistair's Intoxication  Tmut/Pois      11%        N/A       85%         5
 Freezing Cloud           Conj/Ice/Air   8%         6-21      85%         5
 Irradiate                Conj/Tmut      8%         3d14      85%         5
 Bombard                  Conj/Erth      15%        9d3       86%         6
 Summon Cactus Giant      Summ           15%        N/A       86%         6
 Malign Gateway           Summ/Tloc      23%        N/A       88%         7
 Disjunction              Tloc           28%        N/A       95%         8
 Eringya's Noxious Bog    Tmut/Pois      8%         4d6       100%        6
 Plasma Beam              Fire/Air       9%         2x1d20    100%        6
 Starburst                Conj/Fire      9%         6d5       100%        6
 Ozocubu's Refrigeration  Ice            8%         4d9       100%        7
 Summon Hydra             Summ           15%        N/A       100%        7
 Ignition                 Fire           10%        3d5       100%        8
 Lehudib's Crystal Spear  Conj/Erth      15%        10d5      100%        8
 Maxwell's Capacitive Co  Air            8%         ∞         100%        8
 Summon Horrible Things   Summ           15%        N/A       100%        8
 Death's Door             Necr           31%        N/A       100%        9
 Fire Storm               Conj/Fire      9%         8d3       100%        9
 Blink                    Tloc           Unusable   N/A       N/A         2

Dungeon Overview and Level Annotations

Branches:
Dungeon (15/15)            Temple (1/1) D:6            Lair (5/5) D:10
 Shoals (4/4) Lair:3        Snake (4/4) Lair:3        Slime (5/5) Lair:5
    Orc (2/2) D:10            Elf (3/3) Orc:2        Vaults (5/5) D:13
  Crypt (3/3) Vaults:2       Tomb (0/3) Crypt:3      Depths (4/4) D:15
   Hell (visited)             Dis (0/7) Hell            Geh (0/7) Hell
    Coc (6/7) Hell            Tar (0/7) Hell            Zot (5/5) Depths:4
 Bailey (visited)           IceCv (visited)         Volcano (visited)
Desolation (visited)      Gauntlet (visited)

Altars:
Ashenzari
Cheibriados
Dithmenos
Elyvilon
Fedhas
Gozag
Hepliaklqana
Kikubaaqudgha
Makhleb
Nemelex Xobeh
Okawaru
Qazlal
Ru
Sif Muna
Trog
Uskayaw
Vehumet
Wu Jian
Xom
Yredelemnul
Zin
The Shining One
Jiyva

Shops:
D:3 (   D:9 !   Orc:2 *[([!   Elf:1 =::   Snake:1 :   Snake:2 (   Snake:3 :
Vaults:3 (   Vaults:4 ?   Depths:1 (   Depths:3 ?

Portals:
Hell: Depths:1 Depths:2 Depths:3 Depths:4
Abyss: Depths:3
Pandemonium: Depths:1 Depths:2 Depths:4
Ziggurat: Depths:3
Trove: Depths:3 (give +4 fire dragon scales)

Annotations:
Elf:2 3 runed translucent doors
Zot:2 5 transporters
Zot:5 1 exclusion


Innate Abilities, Weirdness & Mutations

Your life essence is reduced to manifest your ancestor. (-10% HP)
You cannot be hasted, slowed, berserked, paralysed or teleported.
You can dig through walls and to a lower floor.
You have a pair of large antennae on your head. (SInv)
Your four strong arms can wield two-handed weapons with a shield.
You passively map a small area around you.


Message History

The nargun freezes you. You resist.
* * * LOW HITPOINT WARNING * * *
Tankster McGee blocks something's attack.
Something bites Tankster McGee!
Something freezes Tankster McGee!!
Tankster McGee resists.
A torrent of water rises up through the elemental wellspring!
The torrent of water passes through the water elemental. x2
The torrent of water hits you!!
* * * LOW HITPOINT WARNING * * *
The wave splashes down.
Something claws Tankster McGee but does no damage.
Something bites Tankster McGee!
Okay, then.
The shard shrike simulacrum attacks as it pursues you!
The shard shrike simulacrum claws you.
* * * LOW HITPOINT WARNING * * *
The shard shrike simulacrum freezes you!
You resist.
* * * LOW HITPOINT WARNING * * *
You block the shard shrike simulacrum's attack.
The shard shrike simulacrum claws you.
* * * LOW HITPOINT WARNING * * *
The shard shrike simulacrum freezes you.
You resist.
* * * LOW HITPOINT WARNING * * *
The shard shrike completely misses you. The Ice Fiend gestures at you.
The bolt of cold hits the juggernaut simulacrum.
The juggernaut simulacrum completely resists.
The bolt of cold misses you.
As you read the scroll of butterflies, it crumbles to dust.
You hear the flapping of tiny wings.
The nargun is knocked back by the sudden gust. x2
The water elemental is knocked back by the sudden gust.
The juggernaut simulacrum is knocked back by the sudden gust.
The shard shrike is knocked back by the sudden gust.
The shard shrike simulacrum is knocked back by the sudden gust.
The shard shrike is knocked back by the sudden gust.
You are engulfed in freezing vapours.
You resist.
You die...

* ≈≈≈..^..≈≈≈≈≈#* *
#≈≈≈....≈≈b≈≈## *
#≈≈≈≈....≈1≈≈≈#
#≈≈≈≈....≈≈≈≈≈≈
#≈≈Zbb...≈≈≈≈≈ ~ ~ ~
#b1b.§§§..≈≈≈≈≈
#bbbR§{§..{{1≈ * ~ *
#bbb9Z{§..Z.≈≈ *
#@b9R§§≈≈≈≈≈.≈ *
#bb9§≈≈§≈≈≈≈≈≈~
~≈≈≈≈≈bbbbb§§≈≈≈≈≈#≈
≈≈≈≈bb≈≈bEb≈≈≈####~
#≈≈≈bbZ≈b≈≈E≈## **
#≈≈≈≈bbbZE≈Z≈# *
##≈≈≈≈≈≈≈≈≈≈E≈#
##≈≈≈≈≈≈≈Z≈≈≈≈# *
≈≈≈≈≈≈≈≈≈≈≈≈≈≈


You could see the friendly Tankster McGee the knight (reflecting), 2 shard
shrikes, an Ice Fiend (ally target), a wendigo (ally target), an elemental
wellspring (ally target), 3 narguns, 3 water elementals, an anaconda simulacrum
(confused), a harpy simulacrum (confused, ally target), 2 shard shrike simulacra
and 2 juggernaut simulacra.

Vanquished Creatures
  the Royal Jelly (Slime:5)
  A dread lich (Crypt:2)
  2 orbs of fire (Zot:5)
  Mara (Snake:3)
  2 ancient liches
  Josephina (Zot:2)
  Sojobo (Vaults:3)
  Boris (Crypt:3)
  5 shard shrikes
  5 Killer Klowns
  Saint Roka (Vaults:3)
  A curse toe (Zot:1)
  Vashnia (Snake:2)
  Geryon (Hell)
  5 golden dragons
  2 bone dragons
  A profane servitor (Crypt:3)
  2 electric golems
  13 tentacled monstrosities
  Zenata (Crypt:3)
  5 Ice Fiends
  A hellephant (Hell)
  A tainted leviathan (Hell)
  3 liches
  6 quicksilver dragons
  3 Orb Guardians (Zot:5)
  3 deep elf blademasters (Elf:3)
  A sphinx (shapeshifter) (D:14)
  8 titans
  Polyphemus (Shoals:2)
  3 searing wretches (Depths:4)
  2 deep elf master archers (Elf:3)
  7 death cobs
  7 acid blobs
  4 sphinxes
  5 ancient champions
  2 krakens (Shoals:3)
  Aizul (Shoals:2)
  11 shadow dragons
  3 tentacled starspawn (Abyss:4)
  8 storm dragons
  8 tengu reavers
  5 draconian monks
  6 nagarajas (Snake:4)
  4 fire giants
  Donald (Shoals:2)
  3 rockslimes
  9 azure jellies
  4 revenants
  5 narguns
  5 draconian scorchers
  Ilsuiw (Shoals:3)
  3 draconian knights
  14 frost giants
  An iron dragon (Vaults:5)
  9 deep elf sorcerers
  4 ghost moths
  2 imperial myrmidons (Desolation)
  17 vault wardens
  A curse skull (Crypt:2)
  2 deep elf elementalists (Elf:3)
  6 shard shrike simulacra
  3 draconian shifters
  9 ironbound preservers
  9 quicksilver oozes
  7 draconian annihilators
  3 draconian stormcallers
  A cacodemon (Hell)
  A broodmother (shapeshifter) (Vaults:5)
  3 reapers (Hell)
  4 war gargoyles
  An orc warlord (Orc:2)
  A juggernaut skeleton (Crypt:3)
  19 very ugly things
  15 stone giants
  6 ironbound thunderhulks
  7 formless jellyfish
  7 green draconians
  Nessos (D:13)
  5 vampire knights
  10 deep elf annihilators
  8 elemental wellsprings
  A minotaur (Gauntlet)
  7 white draconians
  5 black draconians
  11 purple draconians
  Azrael (Orc:2)
  4 putrid mouths
  The ghost of Dyuvotuts the Mimic, a journeyman TrSh of Ru (Snake:4)
  2 deep elf demonologists
  A dire elephant (Vaults:1)
  8 wendigos
  6 red draconians
  A lorocyproca (Hell)
  8 merfolk impalers (Shoals:4)
  3 yellow draconians
  Snorg (D:13)
  3 spark wasps
  3 eidola
  7 ettins
  6 deep elf death magi
  10 yaktaur captains
  A mummy priest (Crypt:3)
  5 fire dragons
  6 merfolk javelineers
  7 jiangshi
  3 iron golems
  2 blizzard demons (Depths:4)
  2 entropy weavers
  4 ragged hierophants (Desolation)
  A great orb of eyes (shapeshifter) (Vaults:5)
  2 spriggan zombies
  5 deep elf high priests
  A fenstrider witch zombie (Crypt:3)
  8 hydras
  5 rakshasas
  9 great orbs of eyes
  7 ice dragons
  An ogre mage (D:13)
  4 peacekeepers
  Erolcha (D:11)
  A salamander tyrant (Snake:4)
  3 servants of whispers (Desolation)
  9 ironbound frosthearts
  5 spriggan air magi
  A sphinx zombie (Crypt:1)
  3 anacondas
  10 vault guards
  8 caustic shrike simulacra
  2 catoblepae
  A death knight (Crypt:1)
  6 juggernaut simulacra
  A spriggan skeleton (Crypt:1)
  A stoker (Hell)
  Erica (D:8)
  3 alligator snapping turtles
  9 centaur warriors
  15 dancing weapons
  4 two-headed ogres
  7 boulder beetles
  4 merfolk aquamancers
  A hell hog (Depths:1)
  A satyr (Shoals:2)
  8 naga warriors
  3 deep troll shamans (Depths:1)
  An orc high priest (Orc:2)
  A tengu warrior (Depths:2)
  7 death yaks
  7 thrashing horrors
  10 naga sharpshooters
  4 vampire magi
  Urug (D:13)
  5 deep troll earth magi
  Nergalle (D:11)
  4 spriggan berserkers
  A demonic crawler (Hell)
  5 hell knights
  7 deep elf knights
  11 sun demons
  6 shock serpents
  A fire crab (Lair:4)
  9 skysharks
  2 soul eaters (Hell)
  4 salamander mystics
  6 iron trolls
  2 shadow wraiths
  5 wretched stars (Abyss:4)
  A sea snake (shapeshifter) (Vaults:5)
  Lodul (D:12)
  5 skeletal warriors
  4 sea snakes
  3 quicksilver dragon simulacra
  An anaconda zombie (Hell)
  5 flayed ghosts
  2 spatial maelstroms (Abyss:4)
  2 glowing orange brains
  24 deep trolls
  A death drake (Zot:2)
  3 naga ritualists
  12 spriggan simulacra
  3 deep elf archers
  14 ironbound convokers
  A swamp dragon (Lair:5)
  20 deep elf zephyrmancers
  9 large abominations
  12 phantasmal warriors
  A bunyip skeleton (Hell)
  6 lindwurms
  Pikel (D:7)
  10 harpies
  4 necromancers
  7 orc knights
  4 wizards
  21 deep elf pyromancers
  An orange crystal statue (Elf:3)
  3 mana vipers
  11 manticores
  A broodmother zombie (Crypt:2)
  4 oklob plants (Lair:5)
  2 harpies (shapeshifter)
  3 orc sorcerers
  11 fauns
  A faun (shapeshifter) (Abyss:3)
  14 ugly things
  15 cyclopes
  6 elephants
  A will-o-the-wisp (Abyss:4)
  An eleionoma skeleton (Crypt:1)
  15 moths of wrath
  An iron dragon skeleton (Crypt:3)
  17 salamanders
  9 shining eyes
  Joseph (D:8)
  A stone giant skeleton (Vaults:5)
  9 merfolk sirens
  11 naga magi
  5 rust devils
  Maurice (D:8)
  7 water nymphs
  4 eyes of devastation
  2 apocalypse crabs (Abyss:4)
  5 guardian serpents
  2 guardian serpents (shapeshifter)
  A dire elephant zombie (Hell)
  3 titan simulacra
  27 black mambas
  An orange demon (Depths:4)
  A gargoyle (D:11)
  An elephant (shapeshifter) (Vaults:2)
  6 torpor snails
  14 vault sentinels
  A green draconian zombie (Crypt:1)
  Maggie (D:6)
  An unseen horror (shapeshifter) (Elf:1)
  4 cane toads
  7 smoke demons
  A storm dragon simulacrum (Coc:1)
  4 centaur skeletons (D:13)
  An elephant slug zombie (Crypt:3)
  2 hellions
  6 molten gargoyles
  6 unseen horror zombies (D:9)
  Jeremiah (D:7)
  5 efreet
  10 freezing wraiths
  A dire elephant skeleton (Crypt:1)
  17 yaktaurs
  7 rime drakes
  A swamp worm zombie (Crypt:3)
  4 golden dragon simulacra
  7 komodo dragons
  3 tormentors
  2 kobold demonologists
  A white draconian skeleton (Crypt:1)
  A tengu conjurer (Depths:2)
  3 anaconda simulacra
  An iron giant simulacrum (Coc:3)
  11 ice devils
  5 ancient zymes
  2 hydra zombies (Hell)
  5 guardian mummies (Crypt:3)
  A harpy zombie (Crypt:3)
  15 merfolk
  A hellwing (Depths:4)
  4 trolls
  A troll (shapeshifter) (Elf:1)
  5 hornets
  3 polar bears
  2 shadow dragon simulacra (Coc:1)
  Prince Ribbit (D:8)
  9 wind drakes
  35 saltlings (Desolation)
  A tarantella (Vaults:2)
  11 blink frogs
  A draconian simulacrum (Zot:2)
  9 dream sheep
  A tarantella (shapeshifter) (Elf:3)
  5 raiju (Abyss:4)
  3 iron dragon simulacra
  5 snapping turtles
  A jumping spider zombie (Crypt:2)
  59 slime creatures
  4 stone giant simulacra
  A jumping spider (shapeshifter) (Vaults:5)
  5 centaur simulacra
  6 spriggans (Depths:4)
  4 fire elementals
  8 air elementals
  2 flying skulls (Crypt:1)
  3 vampires
  3 wraiths
  A yak (shapeshifter) (D:15)
  28 water elementals
  8 dire elephant simulacra
  5 shadows
  39 yaks
  4 wyverns
  4 ynoxinuls
  4 basilisks
  3 ushabtiu (Crypt:3)
  5 fire bats (Volcano)
  A wind drake zombie (Crypt:2)
  12 starcursed masses
  4 golden eyes
  5 hogs (D:13)
  A yaktaur simulacrum (Vaults:3)
  Grum (D:9)
  A vampire mosquito (D:10)
  3 steam dragons
  A neqoxec (Depths:4)
  7 minotaur simulacra (IceCv)
  2 wargs
  10 spatial vortices (Abyss:4)
  12 harpy simulacra
  2 hydra simulacra
  43 nagas
  5 acid dragons
  A deep troll zombie (Crypt:1)
  A naga zombie (Hell)
  11 water moccasins
  A floating eye (shapeshifter) (Depths:3)
  A merfolk skeleton (Crypt:2)
  A swamp drake (Lair:5)
  2 small abominations
  7 hell hounds
  53 orc warriors
  A black bear (D:5)
  A dream sheep zombie (Crypt:1)
  An ice beast (Coc:2)
  A merfolk simulacrum (Crypt:3)
  A sky beast (D:6)
  An ice dragon simulacrum (Coc:2)
  13 ogres
  7 ettin simulacra
  3 boggarts (D:15)
  11 wolves
  3 centaurs
  A hog zombie (Crypt:1)
  A manticore skeleton (Crypt:1)
  2 phantoms (D:7)
  A kobold brigand (D:13)
  Blork the orc (D:5)
  12 bullfrogs
  3 human zombies
  3 gnoll sergeants
  4 scorpions
  A deep troll simulacrum (IceCv)
  7 earth elementals
  2 naga simulacra (Coc:1)
  A water moccasin zombie (Crypt:2)
  A warg zombie (Crypt:2)
  8 wights (D:8)
  6 jellies
  4 howler monkeys
  7 electric eels (Bailey)
  3 centaur zombies (D:9)
  6 lava snakes
  A quasit (Abyss:4)
  A wyvern simulacrum (Gauntlet)
  2 hounds (Lair:1)
  19 orc priests
  3 gnoll boudas
  9 iguanas
  19 orc wizards
  2 sleepcaps
  6 hell rats (Lair:2)
  A deep dwarf zombie (Crypt:2)
  A tengu skeleton (Crypt:1)
  A howler monkey zombie (D:9)
  8 mummies
  29 gnolls
  3 adders
  A shadow imp (D:6)
  4 white imps
  3 ufetubi
  3 worms
  2 dart slugs
  106 orcs
  4 ball pythons
  A bat (D:1)
  8 endoplasms
  2 giant cockroaches
  17 goblins
  6 hobgoblins
  4 jackals (D:5)
  3 quokkas
  2 training dummies (Snake:2)
  3 frilled lizards
  9 kobolds
  3 rats
  2 lurking horrors (Abyss:4)
  2 starspawn tentacles (Abyss:4)
  6 tentacles (Shoals:3)
2160 creatures vanquished.

Vanquished Creatures (collateral kills)
  2 dread liches
  2 ancient liches
  2 orbs of fire
  The ghost of Helaixt the Crack Shot, a veteran FoHu of Okawaru (Depths:1)
  A Killer Klown (Zot:5)
  A shard shrike (Depths:3)
  A curse toe (Crypt:3)
  Nikola (Snake:4)
  Norris (Vaults:4)
  5 golden dragons
  A bone dragon (Abyss:4)
  An electric golem (Zot:2)
  3 Orb Guardians (Zot:5)
  9 tentacled monstrosities
  A titan (Vaults:5)
  3 liches (Crypt:3)
  4 Ice Fiends
  2 quicksilver dragons
  7 acid blobs
  3 searing wretches (Hell)
  A deep elf master archer (Elf:3)
  2 sphinxes
  A death cob (Zot:3)
  A kraken (Shoals:1)
  3 tentacled starspawn (Abyss:4)
  3 ancient champions (Crypt:3)
  Kirke (D:13)
  4 shadow dragons
  2 tengu reavers
  4 azure jellies (Slime:5)
  A nagaraja (Snake:4)
  2 draconian knights
  A draconian monk (Zot:5)
  5 storm dragons
  A nargun (Coc:5)
  6 rockslimes
  2 frost giants
  3 deep elf sorcerers (Elf:3)
  2 deep elf elementalists (Elf:3)
  3 vault wardens
  An iron dragon (Vaults:5)
  A fire giant (Depths:3)
  A draconian scorcher (Zot:4)
  4 draconian annihilators
  3 formless jellyfish
  A curse skull (Crypt:2)
  4 draconian shifters
  An orc warlord (Vaults:3)
  4 quicksilver oozes
  2 ironbound preservers (Vaults:1)
  A draconian stormcaller (Zot:5)
  5 reapers
  A cacodemon (Depths:4)
  13 very ugly things
  An ironbound thunderhulk (Vaults:4)
  2 vampire knights
  2 war gargoyles
  An elemental wellspring (Coc:4)
  6 stone giants
  A halazid warlock (Desolation)
  3 deep elf demonologists (Elf:3)
  7 purple draconians
  3 white draconians
  2 wendigos
  3 deep elf annihilators
  A red draconian (Zot:3)
  2 black draconians
  2 yellow draconians
  2 spark wasps
  A crystal guardian (Desolation)
  A mummy priest (Crypt:3)
  4 fire dragons
  A jiangshi (Crypt:1)
  4 merfolk javelineers (Shoals:4)
  4 yaktaur captains
  3 ettins
  An entropy weaver (Vaults:2)
  4 great orbs of eyes
  The ghost of Bag Taf the Jinx, a journeyman SpEn of Ashenzari (Lair:4)
  2 deep elf high priests
  2 ragged hierophants (Desolation)
  2 caustic shrike simulacra
  2 ice dragons (Depths:3)
  An ogre mage (Vaults:5)
  2 peacekeepers
  25 vault guards
  A centaur warrior (D:14)
  A rakshasa (Depths:1)
  A quicksilver dragon skeleton (Crypt:1)
  2 anacondas
  A juggernaut simulacrum (Coc:3)
  A salamander tyrant (Snake:3)
  2 boulder beetles (D:15)
  A starcursed mass (Abyss:1)
  4 dancing weapons (Elf:1)
  4 naga warriors
  A death knight (Vaults:2)
  An ironbound frostheart (Vaults:3)
  A tengu warrior (Depths:2)
  A death yak (Lair:5)
  2 naga sharpshooters (Snake:2)
  A hell hog (Depths:1)
  4 spriggan berserkers (Depths:4)
  The ghost of Heedrag the Martial Artist, a novice DsSh of Qazlal (D:11)
  3 deep troll earth magi
  A thrashing horror (Abyss:4)
  6 sun demons
  An orc high priest (Orc:2)
  6 soul eaters
  5 hell knights (Depths:4)
  2 deep elf knights
  A spriggan (Depths:4)
  A titan skeleton (Crypt:3)
  A storm dragon skeleton (Crypt:1)
  2 skeletal warriors (Crypt:3)
  An iron troll (Depths:3)
  A skyshark (Vaults:4)
  2 shadow wraiths
  6 deep trolls
  A sea snake (Shoals:3)
  5 spatial maelstroms (Abyss:4)
  A salamander mystic (Snake:4)
  An obsidian statue (IceCv)
  2 orange crystal statues (Depths:3)
  2 flayed ghosts
  A kraken simulacrum (Hell)
  4 spriggan simulacra
  A bunyip skeleton (Hell)
  3 ironbound convokers
  A phantasmal warrior (Vaults:5)
  An orc knight (Vaults:3)
  4 lindwurms
  8 harpies
  4 deep elf zephyrmancers
  3 necromancers
  2 mana vipers
  3 deep elf pyromancers
  13 ugly things
  5 cyclopes
  A cyclops (shapeshifter) (Depths:1)
  3 moths of wrath (Zot:2)
  A worldbinder (Abyss:1)
  4 black mambas
  2 manticores (Shoals:4)
  A merfolk siren (Shoals:3)
  3 water nymphs (Shoals:4)
  A titan simulacrum (Coc:1)
  An iron dragon skeleton (Crypt:3)
  3 salamanders (Snake:3)
  2 guardian serpents (Desolation)
  A vault sentinel (Vaults:3)
  3 rust devils (Hell)
  A cane toad (Lair:5)
  2 naga magi
  5 yaktaurs
  A sea snake zombie (Hell)
  An anaconda simulacrum (Crypt:3)
  A dire elephant skeleton (Crypt:3)
  2 freezing wraiths
  A tengu conjurer (Depths:2)
  An ancient zyme (Abyss:4)
  A golden dragon simulacrum (IceCv)
  2 guardian mummies (Crypt:3)
  A grey draconian skeleton (Crypt:2)
  4 knights
  3 ice devils
  A sea snake skeleton (Hell)
  A troll (Vaults:3)
  A wolf spider simulacrum (D:12)
  3 hornets (Depths:4)
  4 merfolk
  A shadow dragon simulacrum (Hell)
  2 wind drakes (Shoals:4)
  8 saltlings (Desolation)
  2 hydra skeletons (Hell)
  A draconian simulacrum (Zot:2)
  3 dream sheep
  2 blink frogs (Lair:3)
  4 snapping turtles
  22 slime creatures
  2 large abominations
  3 flying skulls
  A centaur simulacrum (Coc:1)
  8 yaks
  An ettin skeleton (Hell)
  A wind drake zombie (Crypt:2)
  A ynoxinul (Abyss:4)
  An air elemental (Shoals:4)
  2 hogs (D:13)
  2 dire elephant simulacra
  A golden eye (Slime:3)
  3 water elementals (Shoals:4)
  2 fire elementals
  A human simulacrum (Vaults:3)
  A neqoxec (Depths:4)
  A chaos spawn (Abyss:4)
  2 harpy simulacra
  5 spatial vortices (Abyss:4)
  A warg (Orc:2)
  2 naga zombies
  A hell hound (Orc:2)
  A naga (Snake:4)
  A water moccasin (Lair:3)
  5 orc warriors
  An elf simulacrum (Vaults:5)
  An ogre (D:12)
  2 ettin simulacra
  3 wolves
  A kobold brigand (D:13)
  An earth elemental (Elf:3)
  2 bullfrogs
  2 deep troll simulacra (IceCv)
  A demonspawn simulacrum (Coc:1)
  2 small abominations
  A water moccasin zombie (Crypt:1)
  A glowing shapeshifter simulacrum (Depths:3)
  A lindwurm simulacrum (IceCv)
  A hound (Lair:1)
  A lava snake (Volcano)
  2 orc priests (Orc:2)
  A hell rat (Lair:2)
  4 orc wizards (Orc:2)
  A steam dragon zombie (Crypt:2)
  2 white imps (Gauntlet)
  An ufetubus (Abyss:4)
  An adder zombie (Crypt:3)
  10 orcs (Orc:2)
  A training dummy (Snake:2)
  A butterfly (Lair:3)
  3 starspawn tentacles (Abyss:4)
  2 tentacles (Shoals:1)
579 creatures vanquished.

Vanquished Creatures (others)
  A shard shrike (Depths:3)
  An acid blob (Slime:5)
  A deep elf master archer (Elf:3)
  2 ancient champions (Crypt:3)
  A storm dragon (Vaults:5)
  A tengu reaver (Vaults:5)
  A rockslime (Slime:5)
  2 azure jellies
  A vault warden (Vaults:5)
  3 shard shrike simulacra (Coc:5)
  A draconian stormcaller (Zot:3)
  A draconian annihilator (Zot:5)
  2 stone giants
  3 very ugly things (Depths:1)
  A black draconian (Zot:3)
  A yaktaur captain (Depths:4)
  2 caustic shrike simulacra
  A spriggan air mage (Depths:2)
  A vault guard (Vaults:5)
  A juggernaut simulacrum (Coc:5)
  2 centaur warriors
  2 deep troll earth magi
  2 shadow wraiths (Crypt:3)
  A skeletal warrior (Crypt:3)
  A storm dragon skeleton (Crypt:3)
  2 deep trolls
  A quicksilver dragon simulacrum (Coc:2)
  3 necromancers
  A spriggan simulacrum (Coc:4)
  A deep elf pyromancer (Elf:1)
  A faun (Shoals:2)
  3 moths of wrath (Zot:3)
  2 titan simulacra
  A cane toad (shapeshifter) (D:10)
  A yaktaur (Vaults:1)
  A slime creature (Slime:5)
  2 dire elephant simulacra
  4 dancing weapons
  A harpy simulacrum (Coc:4)
  An ettin simulacrum (Coc:1)
  8 ancestors
  23 knights
  13 starspawn tentacles
  11 tentacles
116 creatures vanquished.

Grand Total: 2855 creatures vanquished

Notes
Turn   | Place    | Note
-------+----------+-------------------------------------------
     0 | D:1      | Bnni the Formicid Hexslinger began the quest for the Orb.
     0 | D:1      | Reached XP level 1. HP: 15/15 MP: 2/2
   130 | D:1      | Reached XP level 2. HP: 21/21 MP: 3/3
   134 | D:1      | Learned a level 2 spell: Jinxbite
   134 | D:1      | Found a faded altar of an unknown god.
   502 | D:1      | Reached XP level 3. HP: 26/26 MP: 5/5
   833 | D:2      | Found a hide-covered altar of Uskayaw.
  1288 | D:3      | Reached XP level 4. HP: 30/33 MP: 3/6
  1303 | D:3      | Learned a level 4 spell: Cause Fear
  1316 | D:3      | Found Qulariju's Weapon Emporium.
  1539 | D:3      | Reached skill level 2 in Fighting
  1750 | D:4      | Found a snail-covered altar of Cheibriados.
  1790 | D:4      | Noticed a scorpion
  1795 | D:4      | Killed a scorpion
  1796 | D:4      | Reached skill level 5 in Hexes
  1796 | D:4      | Reached XP level 5. HP: 38/38 MP: 5/8
  2100 | D:4      | Reached XP level 6. HP: 21/46 MP: 6/9
  2975 | D:5      | Entered Level 5 of the Dungeon
  3065 | D:4      | Learned a level 3 spell: Inner Flame
  3155 | D:5      | Noticed a black bear
  3161 | D:5      | Killed a black bear
  3162 | D:5      | Reached skill level 3 in Fighting
  3162 | D:5      | Reached XP level 7. HP: 52/52 MP: 8/11
  3486 | D:5      | Noticed Blork the orc
  3495 | D:5      | Killed Blork the orc
  3766 | D:5      | Reached skill level 5 in Ranged Weapons
  3813 | D:5      | Noticed a water moccasin
  3822 | D:5      | Killed a water moccasin
  3823 | D:5      | Reached XP level 8. HP: 60/60 MP: 10/13
  4242 | D:6      | Reached skill level 4 in Fighting
  4354 | D:6      | Found a sacrificial altar of Ru.
  4516 | D:6      | Found a staircase to the Ecumenical Temple.
  4531 | Temple   | Entered the Ecumenical Temple
  4538 | D:6      | Noticed Maggie
  4549 | D:6      | Killed Maggie
  4550 | D:6      | Reached XP level 9. HP: 52/66 MP: 5/15
  4554 | D:6      | Learned a level 3 spell: Sigil of Binding
  4570 | D:6      | Learned a level 4 spell: Dimensional Bullseye
  5285 | D:6      | Reached skill level 5 in Fighting
  5419 | D:7      | Found a flagged portal.
  5501 | Bailey   | Entered a bailey
  6425 | Bailey   | Noticed an orc knight
  6442 | Bailey   | Killed an orc knight
  6443 | Bailey   | Reached skill level 5 in Spellcasting
  6542 | Bailey   | Reached XP level 10. HP: 75/76 MP: 14/17
  6580 | Bailey   | Noticed an orc sorcerer
  6585 | Bailey   | Noticed an orange demon
  6587 | Bailey   | Killed an orc sorcerer
  6588 | Bailey   | Reached skill level 10 in Hexes
  6606 | Bailey   | Reached skill level 6 in Fighting
  7109 | Bailey   | Acquired 794 gold pieces
  7111 | Bailey   | Acquired the +9 staff of Olgreb {rPois∞}
  7111 | Bailey   | Found the +9 staff of Olgreb {rPois∞}
  7118 | Bailey   | Found an iron altar of Okawaru.
  7118 | Bailey   | Noticed a kobold demonologist
  7130 | Bailey   | Noticed a sun demon
  7131 | Bailey   | Killed a kobold demonologist
  7705 | D:7      | Noticed Pikel
  7714 | D:7      | Killed Pikel
  7715 | D:7      | Reached XP level 11. HP: 73/83 MP: 12/20
  7770 | D:7      | Noticed Jeremiah
  7783 | D:7      | Killed Jeremiah
  7955 | D:7      | Found a hide-covered altar of Uskayaw.
  7955 | D:7      | Found a bloodstained altar of Trog.
  8000 | D:7      | Found an ornate altar of the Wu Jian Council.
  8016 | D:7      | Reached skill level 7 in Fighting
  8136 | D:7      | Reached skill level 5 in Dodging
  8136 | D:7      | Reached XP level 12. HP: 89/89 MP: 21/21
  8255 | D:8      | Identified the +5 dagger of the Hand {freeze, rN+ Will+}
  8266 | D:8      | Found a shadowy altar of Dithmenos.
  8313 | D:8      | Noticed Erica
  8331 | D:8      | Killed Erica
  8856 | D:8      | Noticed Joseph
  8864 | D:8      | Killed Joseph
  8976 | D:8      | Noticed Prince Ribbit
  8980 | D:8      | Killed Prince Ribbit
  8992 | D:8      | Noticed Maurice
  8996 | D:8      | Killed Maurice
  9055 | D:8      | Found a shimmering blue altar of Sif Muna.
  9242 | D:8      | Got Sif Muna's Guidebook on Lightning
  9244 | D:8      | Got Sif Muna's Codex of Conflict
  9247 | D:8      | Got Sif Muna's Disquisition on Bad Luck
  9297 | D:8      | Learned a level 1 spell: Slow
  9398 | D:9      | Found Jevailemocli's Distillery.
  9413 | D:9      | Noticed Grum
  9421 | D:9      | Killed Grum
  9479 | D:9      | Bought a potion of curing for 33 gold pieces
  9479 | D:9      | Bought a potion of curing for 33 gold pieces
  9479 | D:9      | Bought a potion of ambrosia for 88 gold pieces
  9784 | D:9      | Found a basalt altar of Yredelemnul.
 10271 | D:10     | Entered Level 10 of the Dungeon
 10412 | D:10     | Found a glowing silver altar of Zin.
 10513 | D:10     | Found a hazy altar of Hepliaklqana.
 10519 | D:10     | Reached skill level 8 in Fighting
 10527 | D:10     | Became a worshipper of Hepliaklqana the Forgotten
 10733 | D:10     | Found a staircase to the Orcish Mines.
 10769 | D:10     | Reached skill level 1 in Invocations
 10996 | D:10     | Found a staircase to the Lair.
 11005 | D:10     | Reached XP level 13. HP: 98/98 MP: 21/24
 11104 | D:10     | Found the +10 Black Knight's barding {ponderous, rPois rN+}
 11116 | D:10     | Noticed a centaur warrior
 11128 | D:10     | Killed a centaur warrior
 11415 | D:10     | Noticed a fire dragon
 11856 | D:11     | Noticed Nergalle
 11875 | D:11     | Killed Nergalle
 11887 | D:11     | Noticed Erolcha
 11894 | D:11     | Killed Erolcha
 12105 | D:11     | Reached * piety under Hepliaklqana
 12439 | D:11     | Found a runed translucent door.
 12439 | D:11     | Noticed Heedrag's ghost (novice DsSh)
 12593 | D:11     | Killed Heedrag's ghost
 12706 | D:12     | Learned a level 3 spell: Tukima's Dance
 12796 | D:12     | Reached skill level 9 in Fighting
 12823 | D:12     | Noticed Lodul
 12833 | D:12     | Killed Lodul
 13475 | D:10     | Killed a fire dragon
 13480 | D:10     | Got a moth-eaten book
 13814 | D:13     | Noticed Urug
 13829 | D:13     | Noticed Kirke
 13837 | D:13     | Noticed Snorg
 13857 | D:13     | Killed Urug
 14117 | D:13     | Killed Kirke
 14118 | D:13     | Reached skill level 5 in Invocations
 14118 | D:13     | Reached XP level 14. HP: 81/97 MP: 23/26
 14354 | D:13     | Noticed Nessos
 14387 | D:13     | Killed Nessos
 14472 | D:13     | Killed Snorg
 14790 | D:13     | Reached skill level 15 in Ranged Weapons
 14803 | D:13     | Reached skill level 10 in Fighting
 14935 | D:13     | Reached ** piety under Hepliaklqana
 14936 | D:13     | Remembered your ancestor Tankster McGee as a knight
 15157 | D:13     | Found a gate to the Vaults.
 15230 | Lair:1   | Entered Level 1 of the Lair of Beasts
 15476 | Lair:1   | Found a snail-covered altar of Cheibriados.
 15524 | Lair:1   | Found a dark tunnel.
 15533 | Volcano  | Entered a volcano
 15634 | Volcano  | Found a radiant altar of Vehumet.
 15683 | Volcano  | Noticed a stone giant
 15694 | Volcano  | Killed a stone giant
 16092 | Lair:1   | Reached skill level 1 in Translocations
 16391 | Lair:1   | Reached *** piety under Hepliaklqana
 16556 | Lair:1   | Reached XP level 15. HP: 101/105 MP: 28/28
 16607 | Lair:1   | Learned a level 8 spell: Discord
 16915 | Lair:2   | Reached skill level 1 in Shields
 17445 | Lair:3   | Found a staircase to the Shoals.
 17551 | Lair:3   | Found a staircase to the Snake Pit.
 18006 | Lair:3   | Reached skill level 15 in Hexes
 18147 | Lair:4   | Noticed Bag Taf's ghost (journeyman SpEn)
 18150 | Lair:4   | Found a transporter.
 18157 | Lair:4   | Reached skill level 10 in Spellcasting
 18274 | Lair:4   | Reached **** piety under Hepliaklqana
 18285 | Lair:4   | Found a transporter.
 18556 | Lair:4   | Reached skill level 11 in Fighting
 18574 | Lair:4   | Killed Bag Taf's ghost
 18575 | Lair:4   | Reached skill level 5 in Shields
 18578 | Lair:4   | Identified the +8 broad axe "Kacuah" {drain, rCorr}
 18628 | Lair:5   | Entered Level 5 of the Lair of Beasts
 18721 | Lair:5   | Learned a level 2 spell: Sublimation of Blood
 19007 | Lair:5   | Reached XP level 16. HP: 112/112 MP: 27/30
 19063 | Lair:5   | Found a staircase to the Slime Pits.
 19073 | Lair:5   | Found a viscous altar of Jiyva.
 19682 | Orc:1    | Entered Level 1 of the Orcish Mines
 19867 | Orc:2    | Entered Level 2 of the Orcish Mines
 19873 | Orc:2    | Noticed Azrael
 19886 | Orc:2    | Killed Azrael
 20005 | Orc:2    | Found a staircase to the Elven Halls.
 20059 | Orc:2    | Found Ineom's Distillery.
 20332 | Orc:2    | Found Cobraph's Antique Weapon Shop.
 20337 | Orc:2    | Found Suzucoc's Antique Armour Boutique.
 20413 | Orc:2    | Found Zero Oce's Assorted Antiques.
 20418 | Orc:2    | Bought a golden potion for 24 gold pieces
 20418 | Orc:2    | Bought a scroll of enchant weapon for 202 gold pieces
 20679 | Orc:2    | Found Puephu Hohe's Armour Shoppe.
 20711 | Orc:2    | Bought a potion of curing for 45 gold pieces
 20711 | Orc:2    | Bought a potion of heal wounds for 75 gold pieces
 20711 | Orc:2    | Acquired a book of Hexes
 20907 | Snake:1  | Entered Level 1 of the Snake Pit
 21074 | D:13     | Learned a level 7 spell: Enfeeble
 21355 | D:14     | Identified the +9 long sword of Crusades {flame, rElec rN+
                  | Int+3 Dex+2}
 21800 | D:14     | Reached ***** piety under Hepliaklqana
 21815 | D:14     | Noticed a sphinx
 21824 | D:14     | Killed a sphinx
 21929 | D:15     | Entered Level 15 of the Dungeon
 21993 | D:15     | Reached skill level 12 in Fighting
 22057 | D:15     | Found a gate leading to a gauntlet.
 22071 | Gauntlet | Entered a Gauntlet
 22071 | Gauntlet | Found a transporter.
 22071 | Gauntlet | Found a transporter.
 22072 | Gauntlet | Found a transporter.
 22075 | Gauntlet | Found a transporter.
 22077 | Gauntlet | Found a transporter.
 22085 | Gauntlet | Found a transporter.
 22153 | Gauntlet | Found a transporter.
 22167 | Gauntlet | Found a transporter.
 22178 | Gauntlet | Found a transporter.
 22188 | Gauntlet | Found a transporter.
 22203 | Gauntlet | Found a transporter.
 22209 | Gauntlet | Found a transporter.
 22417 | Gauntlet | Identified the ring of the Shining Light {Str+6 Dex+3}
 22524 | Gauntlet | Identified the +0 helmet of the Arcane {rN+ Int+2}
 22524 | Gauntlet | Identified the +12 double sword of Shrieking Terror {flame,
                  | rF- Will+ rCorr Stlth+}
 22524 | Gauntlet | Identified the ring of Ru's Grace {rF++ Dex+6}
 22525 | Gauntlet | Got a murmuring book
 23170 | D:15     | Reached XP level 17. HP: 108/119 MP: 18/32
 23231 | D:15     | Found a staircase to the Depths.
 23574 | Snake:1  | Upgraded the game from 0.31-a0-851-g7ff8af7976 to
                  | 0.31-a0-858-g469dc525a8
 23730 | Snake:1  | Reached skill level 10 in Invocations
 23877 | Snake:1  | Found Alymm's Book Shop.
 24111 | Snake:2  | Found Xaoggewk's Firing Range.
 24130 | Snake:2  | Bought a manual of Ranged Weapons for 1280 gold pieces
 24879 | Snake:2  | Noticed Vashnia
 24904 | Snake:2  | Killed Vashnia
 25870 | Snake:3  | Noticed Mara
 25876 | Snake:3  | Noticed Bnni's illusion
 25901 | Snake:3  | Killed Mara
 25902 | Snake:3  | Reached skill level 13 in Fighting
 26051 | Snake:3  | Found Pasch's Book Shop.
 26201 | Snake:3  | Reached XP level 18. HP: 128/128 MP: 26/33
 26329 | Snake:4  | Entered Level 4 of the Snake Pit
 26952 | Snake:4  | Got a serpentine rune of Zot
 27138 | Snake:4  | Noticed Nikola
 27147 | Snake:4  | Killed Nikola
 27250 | Snake:4  | Reached ****** piety under Hepliaklqana
 27463 | Snake:4  | Found a runed translucent door.
 27463 | Snake:4  | Noticed Dyuvotuts's ghost (journeyman TrSh)
 27479 | Snake:4  | Killed Dyuvotuts's ghost
 27708 | Shoals:1 | Entered Level 1 of the Shoals
 27708 | Shoals:1 | Found a frozen archway.
 27823 | IceCv    | Entered an ice cave
 27831 | IceCv    | Learned a level 5 spell: Summon Mana Viper
 28371 | IceCv    | Noticed an Ice Fiend
 28383 | IceCv    | Killed an Ice Fiend
 28601 | IceCv    | Reached XP level 19. HP: 135/135 MP: 35/35
 29765 | Shoals:2 | Identified the +5 quarterstaff "Tur Hoets" {freeze, rF+}
 29775 | Shoals:2 | Noticed Polyphemus
 29778 | Shoals:2 | Reached skill level 10 in Shields
 29790 | Shoals:2 | Killed Polyphemus
 29995 | Shoals:2 | Reached skill level 1 in Necromancy
 30031 | Shoals:2 | Noticed Aizul
 30050 | Shoals:2 | Killed Aizul
 30149 | Shoals:2 | Noticed Donald
 30162 | Shoals:2 | Killed Donald
 30833 | Shoals:2 | Reached skill level 14 in Fighting
 30897 | Shoals:2 | Found the +10 tower shield of Ignorance {rN+ Int-4}
 30968 | Shoals:3 | Noticed Ilsuiw
 30982 | Shoals:3 | Killed Ilsuiw
 31229 | Shoals:3 | Acquired the +0 pair of boots of Loss {*Corrode rPois Str-2
                  | Int+7}
 31746 | Shoals:4 | Entered Level 4 of the Shoals
 31759 | Shoals:4 | Learned a level 4 spell: Anguish
 31901 | Shoals:4 | Reached XP level 20. HP: 116/143 MP: 26/37
 32016 | Shoals:4 | Got a barnacled rune of Zot
 32029 | Shoals:4 | Got an illuminated book
 32407 | Shoals:4 | Found a stormy altar of Qazlal.
 33144 | Vaults:1 | Entered Level 1 of the Vaults
 34121 | Vaults:1 | Reached skill level 15 in Fighting
 34688 | Vaults:2 | Found a crumbling gateway.
 34699 | Desolati | Entered the Desolation of Salt
 34705 | Desolati | Reached XP level 21. HP: 145/151 MP: 33/38
 34731 | Desolati | Reached skill level 15 in Shields
 34878 | Desolati | Got an inconspicuous book
 34879 | Desolati | Identified the +3 sling of Igilemip {flame, rC+ MP-9 Str+4}
 34880 | Desolati | Identified the +1 quarterstaff of Law {protect, Fly rC++
                  | Str+3 Dex-4}
 35200 | Desolati | Identified the ring "Tuett" {Ice rElec Will- Str+8 Int-2}
 35263 | Desolati | Identified the +2 leather armour of Gallantry {rC+ Str+3}
 35330 | Desolati | Identified the amulet "Ymma" {Faith rC+ rN+ rCorr Int-4}
 35332 | Desolati | Identified the ring of Dishonour {AC+4 Str+6}
 35335 | Desolati | Identified the +1 long sword of Zin's Pride {heavy, rC+}
 35790 | Vaults:2 | Identified the +0 leather armour "Maushon" {Int+2}
 36092 | Vaults:2 | Found a staircase to the Crypt.
 36498 | Vaults:2 | Acquired Great Wizards, Vol. VII
 36507 | Vaults:2 | Learned a level 5 spell: Yara's Violent Unravelling
 36590 | Vaults:3 | Noticed Sojobo
 36605 | Vaults:3 | Killed Sojobo
 36606 | Vaults:3 | Reached skill level 16 in Fighting
 37081 | Vaults:3 | Noticed Saint Roka
 37092 | Vaults:3 | Killed Saint Roka
 37152 | Vaults:3 | Reached XP level 22. HP: 160/160 MP: 30/39
 37185 | Vaults:3 | Found Gicaos's Weapon Shop.
 37439 | Vaults:3 | Reached skill level 10 in Dodging
 37811 | Vaults:4 | HP: 3/162 [ironbound thunderhulk/bolt of lightning (44)]
 38278 | Vaults:4 | Noticed Norris
 38287 | Vaults:4 | Killed Norris
 38660 | Vaults:4 | Found Cochuh's Magic Scroll Boutique.
 38670 | Vaults:4 | Reached skill level 17 in Fighting
 39143 | Depths:1 | Entered Level 1 of the Depths
 39183 | Depths:1 | Found Wiffel's Weapon Shop.
 39418 | Depths:1 | Reached XP level 23. HP: 162/169 MP: 40/40
 39458 | Depths:1 | Found a gateway to Hell.
 39701 | Depths:1 | Found a one-way gate leading to the halls of Pandemonium.
 39718 | Depths:1 | Found a runed translucent door.
 39719 | Depths:1 | Noticed Helaixt's ghost (veteran FoHu)
 39749 | Depths:1 | Killed Helaixt's ghost
 40325 | Depths:2 | Acquired the +3 greatsling "Punk" {acid, rCorr}
 40325 | Depths:2 | Found the +3 greatsling "Punk" {acid, rCorr}
 40327 | Depths:2 | Upgraded the game from 0.31-a0-858-g469dc525a8 to
                  | 0.31-a0-859-g9dce7d3444
 40445 | Depths:2 | Reached skill level 18 in Fighting
 41768 | Depths:3 | Identified the +6 halberd of a ziggurat {flame, rC++
                  | Stlth-}
 41769 | Depths:3 | Found a one-way gateway to a ziggurat.
 42070 | Depths:3 | Found a one-way gate to the infinite horrors of the Abyss.
 42327 | Depths:3 | Found Zoupnis's Magic Scroll Shop.
 42335 | Depths:3 | Reached XP level 24. HP: 166/179 MP: 40/40
 42346 | Depths:3 | Found an ancient bone altar of Kikubaaqudgha.
 42363 | Depths:3 | Bought a scroll of enchant armour for 97 gold pieces
 42442 | Depths:3 | Noticed a shard shrike
 42445 | Depths:3 | Noticed a shard shrike
 42446 | Depths:3 | Noticed a shard shrike
 42453 | Depths:3 | Killed a shard shrike
 42456 | Depths:3 | Killed a shard shrike
 42481 | Depths:3 | Killed a shard shrike
 42722 | Depths:3 | Found a portal to a secret trove of treasure.
 42896 | Depths:4 | Entered Level 4 of the Depths
 43376 | Depths:4 | Found a gate to the Realm of Zot.
 43547 | Depths:4 | Gained mutation: Armour fits poorly on your strangely
                  | shaped body. [a neqoxec]
 43549 | Depths:4 | Gained mutation: You occasionally lose the ability to drink
                  | potions when taking damage. [a cacodemon]
 43773 | Depths:4 | Lost mutation: Armour fits poorly on your strangely shaped
                  | body. [potion of mutation]
 43773 | Depths:4 | Lost mutation: You occasionally lose the ability to drink
                  | potions when taking damage. [potion of mutation]
 43773 | Depths:4 | Gained mutation: You are strong-willed. (Will+) [potion of
                  | mutation]
 43773 | Depths:4 | Lost mutation: You are strong-willed. (Will+) [potion of
                  | mutation]
 43773 | Depths:4 | Gained mutation: You passively map a small area around you.
                  | [potion of mutation]
 44099 | Elf:1    | Entered Level 1 of the Elven Halls
 44253 | Elf:1    | Identified the staff "Laulig" {Str+7 Int+4 Stlth- Conj}
 44286 | Elf:1    | Learned a level 4 spell: Passage of Golubria
 44291 | Elf:1    | Learned a level 3 spell: Summon Guardian Golem
 44426 | Elf:1    | Reached skill level 19 in Fighting
 44808 | Elf:1    | Found Vyas's Book Emporium.
 44809 | Elf:1    | Found Dikharis's Jewellery Shop.
 44811 | Elf:1    | Found Rallod's Book Emporium.
 44824 | Elf:1    | Bought Great Wizards, Vol. II for 532 gold pieces
 44826 | Elf:1    | Bought the amulet of Lufrykh {Reflect Regen+ SH+5} for 666
                  | gold pieces
 45293 | Elf:2    | Found a runed translucent gate.
 45293 | Elf:2    | Found a runed translucent gate.
 45297 | Elf:2    | Reached skill level 1 in Earth Magic
 45308 | Elf:2    | Found a runed translucent gate.
 45324 | Elf:2    | Found a radiant altar of Vehumet.
 45501 | Elf:3    | Entered Level 3 of the Elven Halls
 45692 | Elf:3    | Reached XP level 25. HP: 183/186 MP: 28/40
 45805 | Elf:3    | Identified the ring "Huunemn" {Int+3 Slay+4}
 45840 | Elf:3    | Identified the ring "Vageggaz" {rC+ Str+2 Dex+6}
 45844 | Elf:3    | Identified a ring "Xoym" {rN+ MP+9 Str+5 SInv}
 45930 | Elf:3    | Identified the ring "Wyrunkud" {Fly Str+2 Int+3 Dex-3 SInv}
 45937 | Elf:3    | Reached skill level 5 in Necromancy
 46019 | Elf:3    | Identified the +1 spear "Waogueg" {distort, Str-3 Int+7
                  | Stlth+}
 46088 | Elf:3    | Identified the ring of Music {rElec rF- Str-3 Int+6 SInv}
 46093 | Elf:3    | Identified the staff of Defenestration {*Corrode Fly rPois
                  | rF+ SInv Fire}
 46109 | Elf:3    | Identified the +11 hand axe of Punishment {flame, *Rage
                  | rF++ rN+++ Will- Dex+3}
 46871 | Crypt:1  | Entered Level 1 of the Crypt
 47934 | Crypt:2  | Reached skill level 5 in Earth Magic
 47936 | Crypt:2  | Found a basalt altar of Yredelemnul.
 48206 | Crypt:2  | Noticed a dread lich
 48217 | Crypt:2  | Killed a dread lich
 48218 | Crypt:2  | Reached skill level 5 in Translocations
 48497 | Crypt:2  | Found a basalt altar of Yredelemnul.
 48785 | Crypt:3  | Entered Level 3 of the Crypt
 48838 | Crypt:3  | Noticed Boris
 48850 | Crypt:3  | Killed Boris
 49079 | Crypt:3  | Noticed Zenata
 49099 | Crypt:3  | Reached skill level 15 in Dodging
 49101 | Crypt:3  | Killed Zenata
 49403 | Crypt:3  | Found a staircase to the Tomb.
 49582 | Crypt:3  | Reached XP level 26. HP: 170/189 MP: 22/41
 49844 | Crypt:3  | Noticed a curse toe
 49860 | Crypt:3  | Killed a curse toe
 49944 | Crypt:3  | Found a basalt altar of Yredelemnul.
 49957 | Crypt:3  | Learned a level 5 spell: Borgnjor's Vile Clutch
 49958 | Crypt:3  | Found an ancient bone altar of Kikubaaqudgha.
 50042 | Crypt:3  | Identified the ring "Qesugerr" {rC+ rN+ Slay+2 Stlth+}
 50042 | Crypt:3  | Identified the ring "Jitwairgh" {rN+ Str+4}
 50572 | Slime:1  | Entered Level 1 of the Pits of Slime
 50844 | Slime:3  | Gained mutation: Armour fits poorly on your strangely
                  | shaped body. [a shining eye]
 50967 | Slime:3  | Reached skill level 15 in Spellcasting
 50969 | Slime:3  | Reached skill level 20 in Fighting
 51632 | Slime:5  | Entered Level 5 of the Pits of Slime
 51826 | Slime:5  | Noticed the Royal Jelly
 51845 | Slime:5  | Killed the Royal Jelly
 52186 | Slime:5  | Found the +7 mace of Variability {chaos, chaos arc}
 52192 | Slime:5  | Identified the +8 sling of the Sugar Beet {freeze, Contam
                  | Will+ rCorr Int+2}
 52255 | Slime:5  | Identified the ring of Unkeni {rF+ MP+9 Slay+3}
 52262 | Slime:5  | Identified the +6 dagger "Asmesk" {venom, MP+9 Int+3 Dex-2}
 52276 | Slime:5  | Got a slimy rune of Zot
 52277 | Slime:5  | Identified the amulet of Winter {rC+ Regen+ Int+3}
 52357 | Slime:5  | Gained mutation: You are clumsy. (Dex -2) [a shining eye]
 52854 | Vaults:5 | Entered Level 5 of the Vaults
 52876 | Vaults:5 | Reached XP level 27. HP: 198/202 MP: 27/42
 52932 | Vaults:5 | Noticed a dread lich
 52946 | Vaults:5 | Killed a dread lich
 53314 | Vaults:5 | Noticed an ancient lich
 53320 | Vaults:5 | Killed an ancient lich
 53423 | Vaults:5 | Got a silver rune of Zot
 53576 | Vaults:5 | Identified the +0 leather armour "Bimeg" {Int+3}
 53629 | Vaults:5 | Found the +5 glaive of the Guard {elec, spectral}
 53634 | Vaults:5 | Identified the +2 quarterstaff of Barchaynt {elec, Int+4
                  | Dex+3 SInv}
 53641 | Vaults:5 | Identified the +2 mace "Nukkoy" {pain, SInv}
 53644 | Vaults:5 | Identified the +2 short sword "Xisi" {venom, Dex+6}
 53646 | Vaults:5 | Identified the +1 scimitar of the Moth {venom, Str+6}
 53649 | Vaults:5 | Identified the ring "Papy" {rElec MP+9 Int+6 SInv}
 54273 | Vaults:5 | Learned a level 6 spell: Dispersal
 54602 | Zot:1    | Entered Level 1 of the Realm of Zot
 54682 | Zot:1    | Reached skill level 21 in Fighting
 54813 | Zot:1    | Identified the +1 robe of the Other World {Int+5 Dex+2}
 55464 | Zot:2    | Found a transporter.
 55497 | Zot:2    | Reached skill level 10 in Necromancy
 55501 | Zot:2    | Found a transporter.
 55509 | Zot:2    | Identified the ring "Sisuitua" {Ice rN+ Slay+2}
 55509 | Zot:2    | Noticed Josephina
 55520 | Zot:2    | Killed Josephina
 55716 | Zot:2    | Identified the +2 pair of gloves of Bitterness {Harm rElec
                  | Str-4 Int-2}
 55787 | Zot:2    | Reached skill level 10 in Translocations
 55910 | Zot:2    | Found a transporter.
 55913 | Zot:2    | Found a transporter.
 55919 | Zot:2    | Found a transporter.
 56006 | Zot:2    | Found a transporter.
 56975 | Zot:3    | Acquired a book of Cantrips
 56979 | Zot:3    | Learned a level 1 spell: Apportation
 57297 | Zot:3    | Noticed an orb of fire
 57312 | Zot:3    | Noticed a Killer Klown
 57317 | Zot:3    | Gained mutation: You are very clumsy. (Dex -4) [an orb of
                  | fire]
 57323 | Zot:3    | Killed an orb of fire
 57341 | Zot:3    | Killed a Killer Klown
 58125 | Zot:4    | Reached skill level 22 in Fighting
 58598 | Zot:5    | Entered Level 5 of the Realm of Zot
 58711 | Zot:5    | Noticed a Killer Klown
 58711 | Zot:5    | Noticed a Killer Klown
 58711 | Zot:5    | Noticed a Killer Klown
 58711 | Zot:5    | Noticed a Killer Klown
 58711 | Zot:5    | Noticed a Killer Klown
 58711 | Zot:5    | Noticed a Killer Klown
 58715 | Zot:5    | a Killer Klown changed into an acid blob
 58721 | Zot:5    | Killed a Killer Klown
 58730 | Zot:5    | a Killer Klown changed into a sphinx
 58733 | Zot:5    | Killed a Killer Klown
 58735 | Zot:5    | Killed a Killer Klown
 58752 | Zot:5    | Killed a Killer Klown
 59432 | Zot:5    | Noticed an ancient lich
 59439 | Zot:5    | Noticed an orb of fire
 59441 | Zot:5    | Killed an ancient lich
 59441 | Zot:5    | Gained mutation: You are vulnerable to heat. (rF-) [an orb
                  | of fire]
 59466 | Zot:5    | Killed an orb of fire
 59753 | Zot:5    | Noticed a dread lich
 59756 | Zot:5    | Noticed an orb of fire
 59756 | Zot:5    | Noticed a Killer Klown
 59766 | Zot:5    | Gained mutation: Your spells are a little easier to cast,
                  | but a little less powerful. [an orb of fire]
 59780 | Zot:5    | Killed a dread lich
 59784 | Zot:5    | Killed an orb of fire
 59801 | Zot:5    | Killed a Killer Klown
 59878 | Zot:5    | Noticed an orb of fire
 59888 | Zot:5    | Killed an orb of fire
 60088 | Hell     | Entered the Vestibule of Hell
 60088 | Hell     | Noticed Geryon
 60092 | Hell     | Gained mutation: You have hidden genetic defects. [a
                  | cacodemon]
 60093 | Hell     | Gained mutation: You occasionally shout uncontrollably at
                  | your foes. [a cacodemon]
 60096 | Hell     | Killed Geryon
 60528 | Depths:4 | Gained mutation: You are frail. (-10% HP) [hidden defects]
 60964 | Hell     | Found a gateway to the Iron City of Dis.
 61072 | Hell     | Found a gateway to the decaying netherworld of Tartarus.
 61197 | Hell     | Found a gateway to the freezing wastes of Cocytus.
 61214 | Hell     | Gained mutation: Potions are less effective at restoring
                  | your health. [hidden defects]
 61214 | Hell     | Lost mutation: You have hidden genetic defects. [hidden
                  | defects expressed]
 61290 | Hell     | Found a gateway to the ashen valley of Gehenna.
 61485 | Depths:3 | Voluntarily entered the Abyss.
 61490 | Abyss:1  | Found a corrupted altar of Lugonu.
 61503 | Abyss:1  | Found a corrupted altar of Lugonu.
 61906 | Abyss:4  | Found a corrupted altar of Lugonu.
 61959 | Abyss:4  | Got an abyssal rune of Zot
 62306 | Abyss:4  | Reached skill level 23 in Fighting
 62356 | Depths:3 | Escaped the Abyss
 62357 | Depths:3 | Lost mutation: You are very clumsy. (Dex -4) [potion of
                  | mutation]
 62357 | Depths:3 | Lost mutation: You are vulnerable to heat. (rF-) [potion of
                  | mutation]
 62357 | Depths:3 | Lost mutation: You occasionally shout uncontrollably at
                  | your foes. [potion of mutation]
 62357 | Depths:3 | Lost mutation: Potions are less effective at restoring your
                  | health. [potion of mutation]
 62357 | Depths:3 | Gained mutation: You are dopey. (Int -2) [potion of
                  | mutation]
 62358 | Depths:3 | Lost mutation: You are clumsy. (Dex -2) [potion of
                  | mutation]
 62358 | Depths:3 | Lost mutation: You are frail. (-10% HP) [potion of
                  | mutation]
 62358 | Depths:3 | Lost mutation: Armour fits poorly on your strangely shaped
                  | body. [potion of mutation]
 62358 | Depths:3 | Gained mutation: Your body sometimes deteriorates upon
                  | taking damage. [potion of mutation]
 62358 | Depths:3 | Gained mutation: You are somewhat resistant to further
                  | mutation. [potion of mutation]
 62359 | Depths:3 | Lost mutation: You are dopey. (Int -2) [potion of mutation]
 62359 | Depths:3 | Lost mutation: Your body sometimes deteriorates upon taking
                  | damage. [potion of mutation]
 62359 | Depths:3 | Lost mutation: Your spells are a little easier to cast, but
                  | a little less powerful. [potion of mutation]
 62359 | Depths:3 | Gained mutation: Your body sometimes deteriorates upon
                  | taking damage. [potion of mutation]
 62360 | Depths:3 | Lost mutation: You are somewhat resistant to further
                  | mutation. [potion of mutation]
 62360 | Depths:3 | Lost mutation: You passively map a small area around you.
                  | [potion of mutation]
 62360 | Depths:3 | Lost mutation: Your body sometimes deteriorates upon taking
                  | damage. [potion of mutation]
 62360 | Depths:3 | Gained mutation: You passively map a small area around you.
                  | [potion of mutation]
 62360 | Depths:3 | Gained mutation: You are agile. (Dex +4, Str/Int -1)
                  | [potion of mutation]
 62360 | Depths:3 | Lost mutation: You are agile. (Dex +4, Str/Int -1) [potion
                  | of mutation]
 62513 | Coc:1    | Entered Level 1 of Cocytus
 63102 | Coc:2    | Noticed an ancient lich
 63108 | Coc:2    | Killed an ancient lich
 63111 | Coc:2    | Reached skill level 1 in Summonings
 64253 | Coc:5    | Noticed an ancient lich
 64267 | Coc:5    | Killed an ancient lich
 64624 | Coc:5    | Noticed a shard shrike
 64624 | Coc:5    | Noticed a shard shrike
 64626 | Coc:5    | Noticed a shard shrike
 64632 | Coc:5    | Killed a shard shrike
 64632 | Coc:5    | Killed a shard shrike
 64632 | Coc:5    | Noticed a shard shrike
 64633 | Coc:5    | Killed a shard shrike
 64636 | Coc:5    | Killed a shard shrike
 64804 | Coc:6    | Noticed a shard shrike
 64805 | Coc:6    | Noticed a shard shrike
 64812 | Coc:6    | HP: 7/212 [shard shrike simulacrum (6)]
 64812 | Coc:6    | HP: 1/212 [shard shrike simulacrum (6)]
 64813 | Coc:6    | Engulfed by an Ice Fiend's freezing vapour

Illustrated notes

Levels and vault maps discovered:
D:1:      nzn_arrival_settlement, layout_basic,
          ebering_ecumenical_altar_abandoned
D:2:      layout_basic, basic_altar
D:3:      layout_basic, serial_shops, nicolae_lakefront_shop, interstate_on_off,
          serial_park_tiny_pond
D:4:      layout_layer_cave, slow_altar_1, kennysheep_generic_room_7
D:5:      layout_gridville, kennysheep_generic_room_10, uniq_blork_the_orc
D:6:      layout_loops_corners, amcnicky_altar_gilded,
          minmay_temple_entry_ruins, grunt_ministairs_7, uniq_maggie
D:7:      layout_rooms, nzn_wu_jian_contemplation,
          gammafunk_temple_overflow_wave, enter_bailey_5,
          kennysheep_generic_room_13, uniq_pikel, uniq_jeremiah
D:8:      layout_basic, nicolae_sif_muna_little_library,
          nicolae_dithmenos_the_darkroom, minmay_between, uniq_joseph,
          uniq_prince_ribbit1, uniq_erica, uniq_maurice
D:9:      layout_basic, nicolae_yredelemnul_corpse_copse, serial_shops,
          nicolae_shop_peninsula, solitary_fountain,
          nicolae_kite_square_tiling_tiny, uniq_grum
D:10:     minmay_the_grid_triangle_9x9_rhombus_thin
          [minmay_the_grid_triangle_9x9_wacky_v,
          minmay_the_grid_triangle_9x9_prize_insulated,
          minmay_the_grid_triangle_9x9_empty,
          minmay_the_grid_triangle_9x9_windchime], layout_basic,
          nicolae_hepliaklqana_hazy_memory, zin_statuary, david_lair_shrubbed,
          david_orc_5
D:11:     layout_basic, ebering_ghost_reflecting_pool, uniq_erolcha,
          uniq_nergalle
D:12:     layout_loops_ring, uniq_lodul
D:13:     layout_long_grid, hangedman_vaults_entry_quadrant_bands, uniq_nessos,
          uniq_snorg, uniq_kirke, uniq_urug
D:14:     layout_roguey [special_room_orc], minivault_25
D:15:     grunt_enter_depths_hoard, layout_irregular_city, nrook_mini_backslash,
          gauntlet_entry_generic
Temple:   hellmonk_temple_forest_ring
Lair:1:   beast_lair_carwin_large_1, layout_small_grid,
          lightli_volcano_entry_magma_tube, kennysheep_snail_temple
Lair:2:   layout_misc_corridors, infiniplex_staircase_pool_2
Lair:3:   layout_roguey, minmay_shoals_entry_lonely_mermaid,
          minmay_snake_entry_six_corridors, chequers_serial_rivers_small_3,
          lemuel_fruit_fields, serial_bayou_shore_b
Lair:4:   layout_misc_corridors, gammafunk_ghost_arena
Lair:5:   guppyfry_lair_end_dragon, layout_cave_shapes,
          nicolae_slime_entry_slimehenge, minivault_27, dpeg_oklob_1
Shoals:1: layout_shoals, portal_ice_cave_entry_pillars_three
Shoals:2: layout_shoals, st_sunken_temple, uniq_polyphemus, uniq_aizul,
          uniq_donald
Shoals:3: layout_shoals, uniq_ilsuiw
Shoals:4: shoals_end_hellmonk_storm_palace [storm_palace_center_ruins,
          storm_palace_corner_narrow, storm_palace_corner_blocked,
          storm_palace_corner_pillars, storm_palace_corner_altar]
Snake:1:  layout_misc_corridors, serial_shops, nicolae_shop_just_a_little_nook,
          grunt_megastairs_2
Snake:2:  layout_layer_cave, nicolae_shop_firing_range, uniq_vashnia
Snake:3:  layout_rooms, serial_shops, shop, uniq_mara
Snake:4:  minmay_snake_end_coiled, layout_cave_town, gammafunk_ghost_grave,
          uniq_nikola
Slime:1:  layout_caves, cheibrodos_slime_lost_civilization_7
Slime:2:  layout_caves
Slime:3:  layout_caves, special_room [special_room_jelly]
Slime:4:  layout_caves, cheibrodos_slime_lost_civilization_4
Slime:5:  slime_pit_nicolae_trefoil
Orc:1:    layout_caves
Orc:2:    grunt_orc_community_town_hall, layout_caves,
          grunt_orc_community_big_house_2, grunt_orc_community_big_house_1,
          grunt_orc_community_house_1, grunt_orc_community_house_1,
          grunt_orc_community_house_1, grunt_orc_community_house_1,
          grunt_orc_community_house_3, serial_shops, shop, uniq_azrael
Elf:1:    layout_geoelf_grid, hangedman_elven_crosses_minicolossus,
          glass_columns_c, minmay_shop_grove
Elf:2:    elven_hall_of_blades_hangedman_original
          [nicolae_blade_entry_diamond_columns], layout_geoelf_diagonals,
          basic_altar, uniq_louise
Elf:3:    minmay_elf_hall_furrowed, layout_onion_city, minivault_16
Vaults:1: vaults_room_boxed, nicolae_vaults_shrinking_rooms_1, v_misc_13,
          nicolae_vaults_variable_pillar_hall, nicolae_vaults_little_ls,
          nicolae_vaults_security_offices_5, vaults_mumra_hexcomb,
          ontoclasm_vaults_shuriken, v_misc_17, v_misc_2,
          nicolae_vaults_diamond_2, nicolae_vaults_variable_pillar_hall,
          layout_vaults_chaotic_city
Vaults:2: portal_desolation_entry_nicolae_forbidding_blocks, v_misc_4,
          nicolae_vaults_house_2, minmay_crypt_entry_simple_corners, v_misc_32,
          nicolae_vaults_asterisk, nicolae_vaults_trapezoid_lopsided_3,
          layout_vaults_omnigrid, uniq_margery
Vaults:3: hangedman_vaults_slice, vaults_dpeg_doors, vaults_room_fours,
          nicolae_vaults_circle_grid_b, hangedman_vaults_nails,
          vaults_dpeg_hooks, nicolae_vaults_ellipses_ellipsis, v_pattern_1,
          dpeg_vaults_monster_box, vaults_dpeg_ring, vaults_dpeg_emergency_exit,
          nicolae_vaults_storage_room_doors, nicolae_vaults_asterisk,
          layout_vaults_maze_bifur, serial_shops, shop, uniq_sojobo,
          uniq_saint_roka
Vaults:4: nicolae_vaults_border_crossing, hangedman_vaults_hard_town_square,
          v_misc_27, nicolae_vaults_six-pack, ontoclasm_vaults_ring_small,
          nicolae_vaults_rhombus_7, nicolae_vaults_closet_pinwheel_5,
          v_alt_pattern_4, nicolae_vaults_asterisk,
          nicolae_vaults_storage_closets_1, layout_vaults_omnicross,
          serial_shops, shop, uniq_norris
Vaults:5: serial_shops
Crypt:1:  layout_gridlike
Crypt:2:  layout_basic, hangedman_feature_mirror
Crypt:3:  lightli_unholy_cathedral, layout_chaotic_city,
          nicolae_tomb_entry_grand_gallery, uniq_zenata, uniq_boris
Depths:1: layout_basic, serial_shops, kennysheep_little_box,
          minmay_misc_feat_pillars, nicolae_hell_entry_hellmouth_sunbeams,
          pan_entry, ebering_ghost_reflecting_pool, kennysheep_just_a_vault,
          infiniplex_staircase_pool_lava
Depths:2: grunt_twist_and_shout, layout_gridlike, pan_entry,
          roderic_filled_cross, hell_entry, grunt_decor_cap
Depths:3: dreamdust_isle_of_ice, layout_cave_pools, enter_ziggurat_a,
          kiku_gazebo_pond_becter, enter_trove_5, abyss_entry, serial_shops,
          shop, hangedman_tar_grid_catacomb, minmay_staircase_windowed_small
Depths:4: grunt_zot_entry_tricorne, layout_twisted_cross,
          grunt_pan_entry_zigzag, hangedman_coc_ice_floe, hex_medium,
          grunt_ministairs_2
Hell
Coc:1:    layout_ice_bergs
Coc:2:    layout_cocytus_delve, serial_ice, serial_ice_d, serial_ice_a
Coc:3:    layout_cocytus_water_paths
Coc:4:    layout_cocytus_water_paths, serial_ice
Coc:5:    layout_ice_bergs
Coc:6:    layout_cocytus_water_paths
Zot:1:    layout_concentric_octagons, grunt_megastairs_5
Zot:2:    layout_misc_corridors, st_small_dragon_hoard_3, serial_nicolae_subway,
          nicolae_sub_station_stone, nicolae_sub_station_metal,
          nicolae_sub_station_crystal, uniq_josephina
Zot:3:    grunt_zot_stairs_mandelzot, layout_onion_interference, uniq_grunn
Zot:4:    layout_concentric_octagons, hangedman_zot_decor_checkerboard
Zot:5:    layout_gridlike, drop_trap

Skill      XL: |  1  2  3  4  5  6  7  8  9 10 11 12 13 14 15 16 17 18 19 20 21 22 23 24 25 26 27 |
---------------+----------------------------------------------------------------------------------+-----
Hexes          | 4 5 6 8 9 11 13 14 15 17 18 19 20 21 22 | 22.1
Ranged Weapons | 3 4 5 6 7 9 12 13 14 15 16 17 18 19 20 | 20.0
Fighting       | 2 3 4 5 6 7 8 9 10 11 12 13 14 15 16 17 18 19 20 23 | 23.4
Spellcasting   | 2 3 4 5 6 7 8 9 10 11 12 13 14 15 19 | 19.1
Dodging        | 5 6 8 9 11 12 13 15 16 21 | 21.6
Invocations    | 1 5 7 8 9 10 11 12 14 | 14.0
Translocations | 1 2 3 5 7 12 | 12.0
Shields        | 5 6 9 11 14 17 20 21 22 | 22.0
Necromancy     | 3 4 6 8 14 | 14.9
Earth Magic    | 2 6 8 |  8.0
Summonings     | 4 |  4.0
Fire Magic     | |  1.0

Action                     |  1- 3 |  4- 6 |  7- 9 | 10-12 | 13-15 | 16-18 | 19-21 | 22-24 | 25-27 || total
---------------------------+-------+-------+-------+-------+-------+-------+-------+-------+-------++-------
  Melee: Staff             |       |       |       |    45 |     9 |     1 |       |       |       ||    55
   Fire: Sling             |    91 |   135 |   108 |       |       |       |       |       |       ||   334
         Shortbow          |       |       |   170 |   113 |       |       |       |       |       ||   283
         Orcbow            |       |       |       |   462 |   290 |       |       |       |       ||   752
         Longbow           |       |       |       |       |   576 |  1095 |  1171 |   997 |  2812 ||  6651
         Greatsling        |       |       |       |       |       |       |       |    29 |    11 ||    40
  Throw: Dart              |       |       |     1 |       |       |     2 |       |       |       ||     3
         Throwing net      |       |       |       |       |     2 |     2 |     2 |       |       ||     6
   Cast: Jinxbite          |     1 |     8 |    18 |    22 |    11 |       |       |       |       ||    60
         Inner Flame       |       |     2 |     9 |    25 |    39 |    13 |     6 |     2 |       ||    96
         Cause Fear        |       |     1 |     4 |     3 |     9 |    17 |    12 |     4 |     7 ||    57
         Sigil of Binding  |       |       |     2 |     2 |     6 |     1 |       |     3 |       ||    14
         Dimensional Bulls |       |       |       |     3 |     4 |    20 |    30 |    10 |    47 ||   114
         Slow              |       |       |       |       |     6 |       |       |       |       ||     6
         Tukima's Dance    |       |       |       |       |    10 |     4 |       |       |       ||    14
         Enfeeble          |       |       |       |       |       |    30 |    21 |    17 |    55 ||   123
         Summon Mana Viper |       |       |       |       |       |     1 |     1 |     3 |     5 ||    10
         Anguish           |       |       |       |       |       |       |     5 |     4 |     1 ||    10
         Yara's Violent Un |       |       |       |       |       |       |     2 |    18 |    26 ||    46
         Discord           |       |       |       |       |       |       |     1 |    21 |    29 ||    51
         Sublimation of Bl |       |       |       |       |       |       |       |     1 |    16 ||    17
         Summon Guardian G |       |       |       |       |       |       |       |       |    12 ||    12
         Passage of Golubr |       |       |       |       |       |       |       |       |     2 ||     2
         Borgnjor's Vile C |       |       |       |       |       |       |       |       |    37 ||    37
         Dispersal         |       |       |       |       |       |       |       |       |    14 ||    14
         Apportation       |       |       |       |       |       |       |       |       |     1 ||     1
 Invoke: Recall Ancestor   |       |       |       |       |     1 |     1 |     1 |       |    16 ||    19
         Ancestor Identity |       |       |       |       |     1 |       |       |       |       ||     1
         Ancestor Life: Kn |       |       |       |       |     1 |       |       |       |       ||     1
         Idealise          |       |       |       |       |       |     3 |     1 |     1 |     4 ||     9
         Transference      |       |       |       |       |       |       |       |     1 |     1 ||     2
Ability: Dig               |       |     1 |       |     2 |     4 |       |     1 |       |     7 ||    15
         Evoke the Staff o |       |       |       |    15 |     7 |     3 |       |       |       ||    25
  Evoke: Wand              |       |       |       |       |     5 |       |       |       |       ||     5
         Horn of Geryon    |       |       |       |       |       |       |       |       |     1 ||     1
    Use: Scroll            |       |     7 |     3 |     2 |    14 |    11 |     5 |     9 |     4 ||    55
         Potion            |       |       |     2 |     1 |       |     5 |       |     3 |     5 ||    16
 Armour: Robe              |     7 |    29 |    28 |       |       |    17 |   161 |    78 |   246 ||   566
         Steam dragon scal |       |       |    31 |    98 |   136 |   136 |       |       |       ||   401
         Skin              |       |       |       |       |     3 |       |       |       |       ||     3
  Dodge: Dodged            |    19 |    60 |   136 |   329 |   252 |   137 |   122 |    86 |   467 ||  1608
  Block: Buckler           |       |       |    30 |    72 |    70 |    42 |       |       |       ||   214
         Kite shield       |       |       |       |       |       |    34 |   150 |    36 |       ||   220
         Tower shield      |       |       |       |       |       |       |       |    79 |   901 ||   980
         Reflection        |       |       |       |       |       |       |       |    19 |    32 ||    51

Table legend: (Time is in decaauts)
 A = Elapsed time spent in this place.
 B = Non-inter-level travel time spent in this place.
 C = Inter-level travel time spent in this place.
 D = Time resting spent in this place.
 E = Time spent auto-exploring this place.
 F = Levels seen in this place.
 G = Mean time per level.
                   A        B        C        D        E       F      G
               +--------+--------+--------+--------+--------+-----+--------+
         Total |  63811 |  58823 |   4988 |   7141 |  37143 |  72 |  886.3 |
       Dungeon |  15949 |  14354 |   1595 |   1058 |  10270 |  15 | 1063.3 |
        Temple |     78 |     78 |      0 |     74 |      0 |   1 |   78.0 |
          Lair |   4596 |   3788 |    808 |    169 |   2627 |   5 |  919.2 |
        Shoals |   3941 |   3774 |    167 |    287 |   2503 |   4 |  985.2 |
     Snake Pit |   4030 |   3853 |    177 |    522 |   2398 |   4 | 1007.5 |
    Slime Pits |   1961 |   1846 |    115 |    100 |   1339 |   5 |  392.2 |
  Orcish Mines |   1171 |    974 |    197 |      0 |    725 |   2 |  585.5 |
   Elven Halls |   2481 |   2344 |    137 |     72 |   1786 |   3 |  827.0 |
        Vaults |   6730 |   6040 |    690 |    165 |   4518 |   5 | 1346.0 |
         Crypt |   3355 |   3235 |    120 |    172 |   2506 |   3 | 1118.3 |
        Depths |   5465 |   4947 |    518 |    550 |   3334 |   4 | 1366.2 |
          Hell |    830 |    790 |     40 |      2 |    491 |   1 |  830.0 |
       Cocytus |   2225 |   2163 |     62 |    936 |    687 |   6 |  370.8 |
           Zot |   5283 |   4928 |    355 |   1132 |   2762 |   5 | 1056.6 |
         Abyss |    802 |    802 |      0 |     87 |      0 |   4 |  200.5 |
        Bailey |   1912 |   1912 |      0 |   1099 |    288 |   1 | 1912.0 |
      Ice Cave |   1256 |   1256 |      0 |    441 |    464 |   1 | 1256.0 |
       Volcano |    395 |    395 |      0 |     98 |     58 |   1 |  395.0 |
    Desolation |    769 |    769 |      0 |    151 |    166 |   1 |  769.0 |
      Gauntlet |    572 |    572 |      0 |     20 |    219 |   1 |  572.0 |
               +--------+--------+--------+--------+--------+-----+--------+

Top non-repeatable levels by time:
    D:10: 1988 daAuts
  Bailey: 1912 daAuts
    D:13: 1624 daAuts
Vaults:1: 1610 daAuts
Depths:4: 1511 daAuts
Depths:2: 1491 daAuts
 Crypt:3: 1447 daAuts
 Snake:2: 1432 daAuts
  Lair:1: 1393 daAuts
     D:6: 1388 daAuts
Vaults:5: 1379 daAuts
     D:4: 1341 daAuts
   Zot:2: 1336 daAuts
   Zot:5: 1313 daAuts
Depths:3: 1286 daAuts
